 Dungeon Crawl Stone Soup version 0.17-a0-1475-g9f81d98 (webtiles) character file.

5323 Helmschank the Grappler (level 10, -1/91 HPs)
             Began as a Troll Earth Elementalist on July 2, 2015.
             Was a High Priest of Okawaru.
             Slain by a porcupine (8 damage)
             ... on level 1 of the Lair of Beasts on July 3, 2015.
             The game lasted 01:19:03 (9889 turns).

Helmschank the Grappler (Troll Earth Elementalist)  Turns: 9889, Time: 01:19:03

Health: -1/91      AC:  5    Str: 18    XL:     10   Next: 38%
Magic:  12/12      EV: 12    Int: 14    God:    Okawaru [*****.]
Gold:   480        SH:  0    Dex: 10    Spells: 2 memorised, 8 levels left

rFire  . . .     SeeInvis +       - Unarmed
rCold  . . .     Clarity  .     x - +0 robe
rNeg   . . .     SustAt   .     (no shield)
rPois  .         Gourm    +     (helmet restricted)
rElec  .         Spirit   .     (no cloak)
rCorr  .         Warding  .     (gloves unavailable)
rMut   .         Stasis   .     (boots unavailable)
MR     .....                    (no amulet)
Stlth  +.........               L - ring of see invisible
                                (no ring)

@: drained, not resistant to hostile enchantments, very unstealthy
A: unfitting armour, claws 3, fast metabolism 3, gourmand, regeneration 2,
shaggy fur 1, tough skin 2
a: Heroism, Finesse, Renounce Religion


You were on level 1 of the Lair of Beasts.
You worshipped Okawaru.
Okawaru was extremely pleased with you.
You were not hungry.

You visited 3 branches of the dungeon, and saw 11 of its levels.

You collected 650 gold pieces.
You spent 170 gold pieces at shops.

Inventory:

Hand weapons
 w - a +0 giant spiked club
Missiles
 b - 4 tomahawks of returning
 l - 5 tomahawks (quivered)
 p - a throwing net
 I - 16 poisoned needles
 U - 245 stones
Armour
 x - a +0 robe (worn)
Jewellery
 z - an uncursed ring of fire
 L - a ring of see invisible (right claw)
Magical devices
 a - a wand of draining (4)
 m - a wand of frost (17)
 q - a wand of fireball (9)
 B - a wand of flame (26)
 J - a wand of teleportation (1)
Scrolls
 i - 3 scrolls of blinking
 k - 2 scrolls of recharging
 o - 5 scrolls of teleportation
 u - 2 scrolls of remove curse
 y - a scroll of magic mapping
 F - a scroll of fear
 N - 3 scrolls of identify
Potions
 e - a potion of berserk rage
 f - 3 potions of haste
 j - 3 potions of flight
 n - 3 potions of curing
 v - 2 potions of magic
 C - a potion of heal wounds
 D - 4 potions of might
Comestibles
 d - 9 bread rations
 g - 2 beef jerkies
 h - 2 slices of pizza
 r - 3 meat rations
 M - 17 fruits


   Skills:
 - Level 3.0(2.7) Fighting
 - Level 2.1(1.8) Throwing
 + Level 6.6(6.3) Dodging
 - Level 1.1(0.8) Stealth
 * Level 10.9(10.5) Unarmed Combat
 - Level 1.2(0.9) Spellcasting
 - Level 0.6(0.3) Transmutations
 - Level 2.6(2.3) Earth Magic
 - Level 5.0(4.7) Invocations
 + Level 1.0(0.7) Evocations


You had 8 spell levels left.
You knew the following spells:

 Your Spells              Type           Power        Failure   Level  Hunger
a - Sandblast             Erth           #.....       12%         1    ##.....
Q - Stoneskin             Trmt/Erth      #.......     24%         2    ###....


Dungeon Overview and Level Annotations

Branches:
Dungeon (8/15)             Temple (1/1) D:7            Lair (2/8) D:8

Altars:
Ashenzari
Cheibriados
Dithmenos
Elyvilon
Fedhas
Gozag
Kikubaaqudgha
Makhleb
Nemelex Xobeh
Okawaru
Qazlal
Ru
Sif Muna
Trog
Vehumet
Xom
Yredelemnul
Zin
The Shining One

Shops:
D:4 ?   D:8 :

Annotations:
Lair:2 Nergalle


Innate Abilities, Weirdness & Mutations

You are too large for most types of armour.
You have claws for hands.
Your metabolism is lightning-fast.
You like to eat raw meat.
You heal very quickly.
You are covered in fur (AC +1).
You have very tough skin (AC +2).


Message History

The porcupine bites you!
* * * LOW HITPOINT WARNING * * *
The porcupine completely misses you. The porcupine bites you.
* * * LOW HITPOINT WARNING * * *
You scratch the porcupine but do no damage.
The porcupine is lightly wounded.
The porcupine bites you!
* * * LOW HITPOINT WARNING * * *
You barely miss the porcupine.
The porcupine is lightly wounded.
The porcupine closely misses you.
You barely miss the porcupine.
The porcupine is lightly wounded.
You barely miss the porcupine.
The porcupine is lightly wounded.
The porcupine bites you!
* * * LOW HITPOINT WARNING * * *
The porcupine bites you!
You die...

#### ###
##########P.##############P#####
##...............................
#.........##P####................
##........#### ##...............
#........P#♣♣♣♣♣♣..<............
#.........................######
#.#+##.....♣♣♣♣♣♣>.......#|?!:..
#.#..#........r@................
#....#...................#......
#.#..#..........................
#....P...####..#.######..P......
#.P#.P..#...+..### ##........
#.......#...P.## #..#......
#..............# ##.#......
#.......#...#.## ###.####...
#.†P.P..P...#..#######.#...[....


You could see a porcupine.

Vanquished Creatures
  A black mamba (Lair:2)
  A spiny frog (Lair:1)
  4 yaks (Lair:1)
  2 basilisks
  2 hippogriffs
  3 wargs
  A porcupine (Lair:1)
  2 ice beasts (D:8)
  3 sky beasts
  2 phantoms (D:8)
  A water moccasin (Lair:1)
  2 necrophages (D:7)
  A wasp (D:8)
  A crocodile (Lair:1)
  2 centaurs (D:5)
  3 ogres
  An elf skeleton (D:7)
  4 giant frogs
  3 scorpions
  3 crimson imps
  3 hounds
  A wight (D:7)
  2 jellies
  6 human zombies (D:7)
  2 iguanas
  A giant frog skeleton (D:5)
  A human skeleton (D:7)
  7 orc priests
  Natasha (D:4)
  A centaur skeleton (D:7)
  A killer bee zombie (D:7)
  2 worker ants
  3 orc wizards
  A mummy (D:7)
  A hound skeleton (D:5)
  2 worker ant zombies
  A gnoll (D:4)
  2 adders
  5 river rats (Lair:2)
  2 shadow imps (D:5)
  3 adder skeletons
  3 worms
  17 orcs
  A bat skeleton (D:4)
  2 bat zombies
  5 giant cockroaches
  9 goblins
  11 hobgoblins
  4 jackals
  13 kobolds
  A quokka (D:4)
  A ball python (D:2)
  19 bats
  2 giant geckos
  2 giant gecko skeletons
  A giant newt (D:1)
  A jackal skeleton (D:5)
  13 rats
  A plant (Lair:1)
196 creatures vanquished.

Vanquished Creatures (others)
  A quokka (D:7)
  A goblin (D:5)
  2 fungi
  2 plants (Lair:1)
6 creatures vanquished.

Grand Total: 202 creatures vanquished

Notes
Turn   | Place    | Note
--------------------------------------------------------------
     0 | D:1      | Helmschank the Troll Earth Elementalist began the quest for the Orb.
     0 | D:1      | Reached XP level 1. HP: 16/16 MP: 1/1
   230 | D:1      | Reached skill level 1 in Unarmed Combat
   478 | D:1      | Reached XP level 2. HP: 24/24 MP: 2/2
   484 | D:1      | Learned a level 2 spell: Stoneskin
  1288 | D:2      | Reached XP level 3. HP: 32/32 MP: 3/3
  1853 | D:2      | Reached skill level 1 in Fighting
  1918 | D:2      | Reached XP level 4. HP: 32/41 MP: 4/4
  1956 | D:3      | Reached skill level 3 in Unarmed Combat
  2665 | D:4      | Found Hyapso's Magic Scroll Emporium.
  2695 | D:4      | Reached XP level 5. HP: 47/49 MP: 5/5
  2735 | D:4      | Bought a scroll of blinking for 75 gold pieces
  2735 | D:4      | Bought a scroll of recharging for 95 gold pieces
  2846 | D:4      | Found a blossoming altar of Fedhas.
  2903 | D:4      | Noticed Natasha
  2916 | D:4      | Killed Natasha
  3365 | D:5      | Entered Level 5 of the Dungeon
  3538 | D:5      | Reached skill level 4 in Unarmed Combat
  3865 | D:5      | Noticed a centaur
  3872 | D:5      | Killed a centaur
  3872 | D:5      | Reached XP level 6. HP: 24/59 MP: 6/6
  4194 | D:5      | Noticed a centaur
  4205 | D:5      | Killed a centaur
  4402 | D:5      | Reached skill level 5 in Unarmed Combat
  4439 | D:5      | Reached XP level 7. HP: 59/66 MP: 7/7
  4942 | D:6      | Found an iron altar of Okawaru.
  4950 | D:6      | Became a worshipper of Warmaster Okawaru
  5247 | D:6      | Found a stormy altar of Qazlal.
  5247 | D:6      | Found a sparkling altar of Nemelex Xobeh.
  5323 | D:6      | Reached skill level 1 in Throwing
  5623 | D:7      | Acquired Okawaru's first power
  5703 | D:7      | Found a staircase to the Ecumenical Temple.
  5713 | D:7      | Reached skill level 6 in Unarmed Combat
  5788 | Temple   | Entered the Ecumenical Temple
  5899 | D:7      | Found a sacrificial altar of Ru.
  6275 | D:7      | Reached XP level 8. HP: 22/75 MP: 8/8
  6343 | D:7      | Reached skill level 1 in Invocations
  6483 | D:7      | Reached skill level 7 in Unarmed Combat
  6565 | D:7      | Found a basalt altar of Yredelemnul.
  6691 | D:7      | Reached skill level 8 in Unarmed Combat
  6750 | D:7      | Found a white marble altar of Elyvilon.
  7140 | D:8      | Reached skill level 5 in Dodging
  7208 | D:8      | Reached XP level 9. HP: 77/81 MP: 10/10
  7526 | D:8      | Found a staircase to the Lair.
  7638 | D:8      | Reached skill level 9 in Unarmed Combat
  8222 | D:8      | Found Fazaew's Book Emporium.
  8459 | Lair:1   | Entered Level 1 of the Lair of Beasts
  8728 | Lair:1   | Noticed a spiny frog
  8732 | Lair:1   | Killed a spiny frog
  8732 | Lair:1   | Reached skill level 10 in Unarmed Combat
  8933 | Lair:1   | Reached XP level 10. HP: 78/91 MP: 12/12
  9004 | Lair:1   | Acquired Okawaru's second power
  9204 | Lair:1   | Reached skill level 5 in Invocations
  9356 | Lair:2   | Noticed a black mamba
  9362 | Lair:2   | Killed a black mamba
  9362 | Lair:2   | Received a gift from Okawaru
  9518 | Lair:2   | Reached skill level 1 in Evocations
  9818 | Lair:2   | Noticed Nergalle
  9819 | Lair:2   | Noticed a spectral orc warlord
  9847 | Lair:2   | Killed a spectral orc warlord
  9889 | Lair:1   | Slain by a porcupine

Vault maps used:
D:1:      minmay_arrival_stair_chambers
D:2:      first_bread
D:4:      lemuel_doored_altar, serial_shops, nicolae_shop_trees,
          feat_on_display, uniq_natasha
D:5:      bh_walls_and_bars
D:6:      gammafunk_temple_overflow_statue, okawaru_ov_weapons_minmay
D:7:      lemuel_mausoleum_altar_yredelemnul, nicolae_ru_the_path_less_chosen,
          elyvilon_altar_4, minmay_temple_entry_glass
D:8:      erik_lair_orcish_takeover, serial_shops, kennysheep_mini
Temple:   circular_temple_12
Lair:1:   serial_forest, infiniplex_forest_clump_tiny,
          infiniplex_forest_lined_room_2, infiniplex_forest_straight_2,
          infiniplex_forest_lined_room_3, infiniplex_forest_straight_5,
          infiniplex_forest_end_2, infiniplex_forest_end_1, grunt_megastairs_1,
          lemuel_fruit_tree
Lair:2:   lemuel_fruit_fields, lemuel_fruit_fields, uniq_nergalle

Action                   |  1- 3 |  4- 6 |  7- 9 | 10-12 || total
-------------------------+-------+-------+-------+-------++-------
Melee: Unarmed           |   118 |   134 |   435 |    89 ||   776
Throw: Stone             |    83 |     1 |       |       ||    84
       Tomahawk          |     3 |    42 |    92 |    12 ||   149
Invok: Heroism           |       |       |     1 |       ||     1
  Use: Scroll            |       |    16 |     8 |       ||    24
       Potion            |       |     1 |     2 |       ||     3
 Stab: Sleeping          |       |       |     3 |       ||     3
  Eat: Chunk             |    20 |    22 |    45 |     5 ||    92
